Map: Pillars of Gold LE

Players

A.I. 1 (Easy)

  • Race: Protoss Protoss
  • Spawn Location: 7:00

Hydra - Winner!

  • Race: Zerg Zerg
  • Spawn Location: 1:00

VOD

Have the link to the VOD?

Description

Time

  • Played on: Sept. 12, 2020, 2:50 p.m.
  • Length: 8:08
Show
View Real Time Build Order
Export as new Build Order

A.I. 1 (Easy) Protoss 

Build Orders:  

Get SALT Encoding   

  12  0:00  Probe  
  13  0:13  Probe  
  14  0:20  Pylon  
  14  0:25  Probe  
  15  0:34  Probe  
  15  0:41  Gateway  
  16  0:45  Assimilator  
  16  0:55  Pylon  
  16  1:18  Assimilator  
  16  1:24  Zealot  
  16  1:33  Cybernetics Core  
  18  1:48  Probe  
  19  2:00  Warp Gate  
  19  2:03  Pylon  
  19  2:04  Probe  
  20  2:12  Adept  
  22  2:16  Probe  
  23  2:28  Probe  
  24  2:40  Probe  
  24  2:41  Adept  
  27  2:53  Probe  
  28  3:02  Stalker  
  30  5:39  Probe  
  30  5:42  Stalker  
  30  5:45  Pylon  
  33  6:00  Probe  
  34  6:04  Robotics Facility  
  34  6:05  Stalker  
  34  6:07  Pylon  
  33  6:11  Probe  
  30  6:19  Probe  
  29  6:28  Zealot  
  29  6:48  Zealot  
  29  6:53  Probe  
  29  6:54  Observer  
  30  6:58  Pylon  
  25  7:05  Probe  
  24  7:08  Zealot  
  27  7:16  Probe  
  23  7:24  Probe  
  23  7:32  Probe  
  23  7:38  Gateway  
  23  7:41  Pylon  
  23  7:44  Probe  
Show
View Real Time Build Order
Export as new Build Order

Hydra Zerg - Winner!

Build Orders: Pool First 

Get SALT Encoding   

  12  0:04  Drone  
  13  0:13  Overlord  
  13  0:20  Drone  
  14  0:32  Drone  
  14  0:33  Drone  
  16  0:37  Drone  
  17  1:12  Extractor  
  17  1:17  Spawning Pool  
  15  1:18  Drone  
  15  1:19  Drone x2  
  18  1:31  Drone  
  19  1:34  Hatchery  
  18  1:45  Drone  
  19  2:09  Drone x2  
  21  2:21  Overlord  
  21  2:30  Metabolic Boost  
  21  2:38  Queen  
  23  2:55  Drone x3  
  23  2:56  Drone  
  27  3:12  Drone  
  28  3:17  Drone x2  
  28  3:19  Queen  
  32  3:25  Overlord x2  
  32  3:32  Roach Warren  
  31  3:42  Queen  
  33  3:50  Extractor  
  33  3:53  Extractor  
  33  3:54  Queen  
  33  4:00  Extractor, Drone x3  
  33  4:01  Drone x3  
  38  4:14  Roach x4  
  46  4:58  Roach x3  
  52  5:00  Overlord x5  
  52  5:37  Roach  
  52  5:38  Roach x5  
  64  5:44  Lair  
  60  6:49  Roach  
  60  6:50  Roach x6  
  60  6:53  Zergling x6  
  60  6:54  Zergling x10  
Tags
 
Matchup
PvZ
Opening
Pool First
Replay Pack
test
Spawn Locations
Cross Positions
Add a new tag
Caveats
  • Supply blocks, unpowered buildings, or Contaminate may cause inaccurate times.
  • Supply counts are checked every 10 seconds.